 Dungeon Crawl Stone Soup version 0.27.1-1-g398f81649c (webtiles) character file.

Game seed: 13693924723437168119

50 Rickety the Sneak (level 3, -2/16 HPs)
             Began as a Spriggan Enchanter on Sept 20, 2021.
             Slain by an orc priest (8 damage)
             ... on level 4 of the Dungeon.
             The game lasted 00:06:08 (2722 turns).

Rickety the Sneak (Spriggan Enchanter)              Turns: 2722, Time: 00:06:09

Health: -2/16      AC:  2    Str:  4    XL:     3   Next: 55%
Magic:  4/8        EV: 17    Int: 16    God:
Gold:   54         SH:  0    Dex: 16    Spells: 2/8 levels left

rFire    . . .     SeeInvis +   j - +1 dagger (venom)
rCold    . . .     Faith    .   (shield restricted)
rNeg     . . .     Spirit   .   b - +0 robe
rPois    .         Reflect  .   (helmet restricted)
rElec    .         Harm     .   (no cloak)
rCorr    .         Rampage  .   (gloves unavailable)
Will     .....                  (boots unavailable)
Stlth    +++.......             (no amulet)
HPRegen  0.05/turn              (no ring)
MPRegen  0.11/turn              (no ring)

@: confusing by touch, very quick
A: very small, no large weapons, unfitting armour, see invisible, speed 3
a: no special abilities


You were on level 4 of the Dungeon.
You visited 1 branch of the dungeon, and saw 4 of its levels.

You collected 54 gold pieces.

Inventory:

Hand Weapons
 a - a +1 dagger
 j - a +1 dagger of venom (weapon)
Missiles
 c - 8 atropa-tipped darts
 i - 7 poisoned darts
Armour
 b - a +0 robe (worn)
Scrolls
 g - a scroll of amnesia {unknown}
 h - a scroll of identify {unknown}
Potions
 d - a potion of curing {unknown}
 e - 2 potions of attraction {unknown}
 f - a potion of cancellation {unknown}
 k - a potion of heal wounds {unknown}


   Skills:
 + Level 1.4 Short Blades
 * Level 0.5 Throwing
 + Level 3.0 Dodging
 * Level 5.3 Stealth
 + Level 3.1 Spellcasting
 + Level 4.3 Hexes


You had 2 spell levels left.
You knew the following spells:

 Your Spells              Type           Power      Damage    Failure   Level
a - Corona                Hex            17%        N/A       3%          1
b - Ensorcelled Hibernat  Hex/Ice        18%        N/A       12%         2
c - Confusing Touch       Hex            16%        N/A       10%         3

Your spell library contained the following spells:

 Spells                   Type           Power      Damage    Failure   Level
 Slow                     Hex            16%        N/A       4%          2
 Tukima's Dance           Hex            16%        N/A       10%         3
 Dazzling Flash           Conj/Hex       18%        N/A       22%         3
 Gell's Gravitas          Tloc           1%         N/A       50%         3
 Lesser Beckoning         Tloc           1%         N/A       50%         3
 Teleport Other           Tloc           2%         N/A       50%         3
 Vampiric Draining        Necr           1%         2d6       50%         3


Dungeon Overview and Level Annotations

Branches:
Dungeon (4/15)
 Temple: D:4-7

Altars:


Innate Abilities, Weirdness & Mutations

You are very small and have problems with some larger weapons.
You are too small for most types of armour.
You have supernaturally acute eyesight. (SInv)
You cover ground extremely quickly. (Speed+++)


Message History

You see here a +0 hunting sling.
An adder skeleton comes into view.
Casting: Ensorcelled Hibernation (safe; 12% risk of failure)
Confirm with . or Enter, or press ? or * to list all spells.
The spell is extremely dangerous to cast (10% risk of failure)!
Continue anyway?
Your hands begin to glow red.
The adder skeleton bites you.
You hit the adder skeleton but do no damage.
The adder skeleton barely misses you.
You hit the adder skeleton but do no damage.
The adder skeleton appears confused.
The adder skeleton closely misses you.
You barely miss the adder skeleton.
Found a stone staircase leading up.
You hit the adder skeleton.
The adder skeleton is moderately damaged.
You barely miss the adder skeleton.
The adder skeleton is moderately damaged.
The adder skeleton misses you.
You strike the helpless adder skeleton from behind!
You puncture the adder skeleton!
You destroy the adder skeleton!
No target in view!
There is a stone staircase leading up here.
You climb upwards.
The orc shouts! x2; The orc wizard shouts!
The orc priest shouts! x2
There is a stone staircase leading down here.
The orc priest mumbles some strange prayers to Beogh against you.
Pain shoots through your body! The orc misses you.
You climb downwards.
You hear the hiss of flowing sand.
There is an entrance to an ossuary on this level.
Hurry and find it before the portal is buried!
There is a stone staircase leading up here.
Casting: Confusing Touch (extremely dangerous; 10% risk of failure)
Confirm with . or Enter, or press ? or * to list all spells.
The spell is extremely dangerous to cast (10% risk of failure)!
Continue anyway?
Your hands begin to glow red.
The orc completely misses you. The orc priest hits you with a +0 mace.
You hit the orc priest but do no damage.
The orc closely misses you. The orc priest hits you with a +0 mace!
Ouch! That really hurt!
You die...

## ## #.## .# #.# .#
#..##### .## #.#..#.#
## #)# #......### #.##
#.####..#.....####...#
##.##..........oo....#
##......#.......@....#
#......##.........#...#
..##..###.........# ...
.##..## #.##......... .
##..## #.###.........
#..## +.# ##.........
....# #.# #.........
#.#..# #......... ##.#
.#


You could see an orc priest and an orc.

Vanquished Creatures
  An adder skeleton (D:4)
  2 worms (D:2)
  A dart slug (D:1)
  3 ball pythons
  5 bats
  3 endoplasms (D:1)
  A giant cockroach (D:1)
  6 goblins
  2 hobgoblins (D:1)
  2 jackals
  4 kobolds
  A quokka (D:1)
  2 frilled lizards (D:1)
  3 rats
36 creatures vanquished.

Notes
Turn   | Place    | Note
-------+----------+-------------------------------------------
     0 | D:1      | Rickety the Spriggan Enchanter began the quest for the Orb.
     0 | D:1      | Reached XP level 1. HP: 9/9 MP: 5/5
   823 | D:2      | Reached XP level 2. HP: 6/13 MP: 6/6
   845 | D:2      | Learned a level 2 spell: Ensorcelled Hibernation
  1456 | D:1      | Reached XP level 3. HP: 14/16 MP: 8/8
  1460 | D:1      | Reached skill level 5 in Stealth
  1464 | D:1      | Learned a level 3 spell: Confusing Touch
  1510 | D:1      | Found a faded altar of an unknown god.
  2674 | D:2      | You fall into a shaft and drop 2 floors!
  2722 | D:4      | Slain by an orc priest

Illustrated notes

Levels and vault maps discovered:
D:1:      scummos_arrival_forest, layout_basic, ebering_ecumenical_altar_webs,
          serial_park_tiny_2
D:2:      layout_basic, st_stairs_14, minmay_misc_feat_iff, uniq_sigmund
D:3:      layout_basic, gammafunk_ghost_gnarly_gnolls, item_on_display_a,
          uniq_grinder
D:4:      layout_layer_cave, gup_ossuary_entry_pyramid

Skill      XL: |  1  2  3 |
---------------+----------+-----
Hexes          | 4 |  4.3
Spellcasting   | 3 |  3.1
Stealth        | 5 |  5.3
Dodging        | 3 |  3.0
Short Blades   | |  1.4
Throwing       | |  0.5

Action                   || total
-------------------------++-------
Melee: Dagger            ||   133
 Cast: Corona            ||    10
       Ensorcelled Hiber ||    31
       Confusing Touch   ||     2
 Stab: Sleeping          ||    19
       Distracted        ||     1
       Confused          ||     1
Armor: Robe              ||    15
Dodge: Dodged            ||   111
